 Dungeon Crawl Stone Soup version 0.22.1-2-g9c5b331383 (webtiles) character file.

121 Jerry the Ducker (level 5, -4/41 HPs)
             Began as a Merfolk Gladiator on Nov 24, 2018.
             Killed from afar by Blork the orc (9 damage)
             ... with a puff of flame
             ... on level 4 of the Dungeon.
             The game lasted 00:05:25 (2501 turns).

Jerry the Ducker (Merfolk Gladiator)                Turns: 2501, Time: 00:05:25

Health: -4/41      AC:  5    Str: 15    XL:     5   Next: 5%
Magic:  5/5        EV: 14    Int:  4    God:
Gold:   178        SH:  0    Dex: 16    Spells: 4/4 levels left

rFire    . . .     SeeInvis .   a - +0 long sword
rCold    . . .     Gourm    .   (no shield)
rNeg     . . .     Faith    .   b - +0 leather armour
rPois    .         Spirit   .   c - +0 helmet
rElec    .         Reflect  .   n - +0 cloak
rCorr    .         Harm     .   (no gloves)
MR       .....                  (no boots)
Stlth    +.........             (no amulet)
HPRegen  0.13/turn              p - -3 ring of intelligence (curse)
MPRegen  0.09/turn              (no ring)

@: no status effects
A: change form in water, swift swim, stealthy swim
a: no special abilities


You were on level 4 of the Dungeon.
You were not hungry.

You visited 1 branch of the dungeon, and saw 4 of its levels.

You collected 178 gold pieces.

Inventory:

Hand Weapons
 a - a +0 long sword (weapon)
 m - a +0 dagger of holy wrath
Missiles
 d - 2 throwing nets (quivered)
Armour
 b - a +0 leather armour (worn)
 c - a +0 helmet (worn)
 l - a scarf of cloud immunity
 n - a +0 cloak (worn)
 v - a +0 buckler
Jewellery
 p - a cursed -3 ring of intelligence (left hand)
Scrolls
 e - 7 scrolls of identify {unknown}
 g - a scroll of immolation {unknown}
 h - 3 scrolls of teleportation {unknown}
 i - a scroll of amnesia {unknown}
 k - a scroll of fear {unknown}
 o - 2 scrolls of blinking {unknown}
 s - 2 scrolls of fog {unknown}
 w - a scroll of magic mapping {unknown}
Potions
 j - a potion of mutation {unknown}
 q - a potion of flight {unknown}
 r - 5 potions of curing {unknown}
 t - a potion of resistance {unknown}
 u - a potion of invisibility {unknown}
Comestibles
 f - 7 rations


   Skills:
 + Level 3.1 Fighting
 * Level 4.5 Long Blades
 - Level 2.0 Throwing
 + Level 1.2 Armour
 + Level 4.8 Dodging
 * Level 0.7 Shields


You had 4 spell levels left.
You didn't know any spells.
Your spell library was empty.

Dungeon Overview and Level Annotations

Branches:
Dungeon (4/15)
 Temple: D:4-7

Altars:

Annotations:
D:4 Blork the orc


Message History

You hit Blork the orc but do no damage.
Blork the orc struggles against the net.
You barely miss Blork the orc.
Blork the orc struggles against the net.
You hit Blork the orc.
Blork the orc is lightly wounded.
Blork the orc points at you and mumbles some strange words.
The magic dart hits you!
Blork the orc struggles against the net.
The phantom hits you.
* * * LOW HITPOINT WARNING * * *
You hit Blork the orc.
Blork the orc is moderately wounded.
The phantom hits you.
* * * LOW HITPOINT WARNING * * *
You hit Blork the orc but do no damage.
Blork the orc is moderately wounded.
Blork the orc points at you and mumbles some strange words.
The puff of flame hits you!
You die...

#.. .... ...... ...#
##... #..... .
....####...# #..### ..
...#.....## #..# # #..
.........## #...## ##..
#........####.....
#....###.?......##...#..
#.(.W....#........#.#
####@o...###.....##.#
##..#..## #......#
#.###..####...... #.#
###..##...##. .##
##....### # ## #.....# #
#..#### .. ##.## ## #.##


You could see a phantom and Blork the orc (caught).

Vanquished Creatures
  An orc priest (D:4)
  2 adders
  A howler monkey skeleton (D:3)
  A worm (D:2)
  3 dart slugs
  A leopard gecko (D:1)
  4 orcs
  A ball python (D:1)
  8 bats
  2 giant cockroaches (D:3)
  3 hobgoblins (D:1)
  3 kobolds
  A quokka (D:3)
  3 frilled lizards
  8 goblins
  12 rats
54 creatures vanquished.

Notes
Turn   | Place    | Note
-------+----------+-------------------------------------------
     0 | D:1      | Jerry the Merfolk Gladiator began the quest for the Orb.
     0 | D:1      | Reached XP level 1. HP: 16/16 MP: 1/1
    65 | D:1      | Reached XP level 2. HP: 20/23 MP: 2/2
   620 | D:1      | Reached XP level 3. HP: 28/28 MP: 3/3
  1737 | D:3      | Reached XP level 4. HP: 34/34 MP: 4/4
  1781 | D:3      | Reached skill level 1 in Armour
  2217 | D:4      | Reached XP level 5. HP: 20/41 MP: 5/5
  2483 | D:4      | Noticed a phantom
  2484 | D:4      | Noticed Blork the orc
  2501 | D:4      | Killed from afar by Blork the orc

Skill      XL: |  1  2  3  4 |
---------------+-------------+-----
Long Blades    | 4 |  4.5
Armour         | 1 |  1.2
Fighting       | 3 |  3.1
Throwing       | |  2.0
Dodging        | |  4.8
Shields        | |  0.7

Action                   |  1- 3 |  4- 6 || total
-------------------------+-------+-------++-------
Melee: Long sword        |   111 |    50 ||   161
Throw: Throwing net      |       |     5 ||     5
 Stab: Sleeping          |     1 |       ||     1
       Held in net/web   |       |     1 ||     1
  Eat: Chunk             |     3 |     2 ||     5
Armor: Leather armour    |    31 |     5 ||    36
Dodge: Dodged            |    93 |    32 ||   125
       Rpst.: Long sword |    36 |    10 ||    46
